 Dungeon Crawl Stone Soup version 0.31.0-11-ge490571c62 (webtiles) character file.

Game seed: 12542186393941530041

16 Arctor the Firebug (level 2, -3/15 HPs)
             Began as a Deep Elf Fire Elementalist on Feb 1, 2024.
             Slain by an adder (4 damage)
             ... on level 2 of the Dungeon.
             The game lasted 00:00:45 (1047 turns).

Arctor the Firebug (Deep Elf Fire Elementalist)     Turns: 1047, Time: 00:00:46

Health: -3/15      AC:  2    Str:  5    XL:     2   Next: 37%
Magic:  7/8        EV: 13    Int: 19    God:
Gold:   40         SH:  0    Dex: 15    Spells: 6/7 levels left

rFire   . . .        (no weapon)
rCold   . . .        (no shield)
rNeg    . . .        a - +0 robe
rPois   .            (no helmet)
rElec   .            (no cloak)
rCorr   .            (no gloves)
SInv    .            (no boots)
Will    .....        (no amulet)
Stlth   ++           (no ring)
HPRegen 0.22/turn    (no ring)
MPRegen 0.11/turn

%: no passive effects
@: lethally poisoned (-3 -> -7)
A: no striking features
a: no special abilities


You were on level 2 of the Dungeon.
You visited 1 branch of the dungeon, and saw 2 of its levels.

You collected 40 gold pieces.

Inventory:

Armour
 a - a +0 robe (worn)
Scrolls
 c - a scroll of amnesia {unknown}
 e - 4 scrolls of identify {unknown}
 g - 2 scrolls of brand weapon {unknown}
Potions
 b - a potion of magic
 d - a potion of enlightenment {unknown}
 f - 2 potions of resistance {unknown}
 h - 2 potions of attraction {unknown}


   Skills:
 + Level 2.7 Dodging
 + Level 2.8 Stealth
 + Level 3.2 Spellcasting
 + Level 1.5 Conjurations
 + Level 3.5 Fire Magic


You had 6 spell levels left.
You knew the following spells:

 Your Spells              Type           Power      Damage    Failure   Level
a - Foxfire               Conj/Fire      48%        2x1d6     5%          1

Your spell library contained the following spells:

 Spells                   Type           Power      Damage    Failure   Level
 Scorch                   Fire           32%        2d6       5%          2
 Inner Flame              Hex/Fire       9%         N/A       22%         3
 Volatile Blastmotes      Fire/Tloc      18%        2d11      22%         3
 Flame Wave               Conj/Fire      12%        2d6       47%         4


Dungeon Overview and Level Annotations

Branches:
Dungeon (2/15)

Altars:


Message History

Casting: Foxfire (safe; 5% risk of failure)
Confirm with . or Enter, or press ? or * to list all spells.
There is not enough space to conjure foxfire!
The hobgoblin misses you.
Sorry, you're not good enough to have a special ability.
Unknown command.
The hobgoblin hits you.
The foxfire hits the adder.
The adder is moderately wounded.
Casting: Foxfire (safe; 5% risk of failure)
Confirm with . or Enter, or press ? or * to list all spells.
You conjure some foxfire!
The foxfire hits the adder but does no damage.
The adder is moderately wounded.
The hobgoblin barely misses you.
Unknown command.
Casting: Foxfire (safe; 5% risk of failure)
Confirm with . or Enter, or press ? or * to list all spells.
There is not enough space to conjure foxfire!
Unknown command.
The adder bites you. The hobgoblin hits you.
Casting: Foxfire (safe; 5% risk of failure)
Confirm with . or Enter, or press ? or * to list all spells.
There is not enough space to conjure foxfire!
The adder barely misses you. The hobgoblin closely misses you.
Casting: Foxfire (safe; 5% risk of failure)
Confirm with . or Enter, or press ? or * to list all spells.
There is not enough space to conjure foxfire!
Sorry, you're not good enough to have a special ability.
You hit the hobgoblin but do no damage. The adder closely misses you.
The hobgoblin closely misses you. The adder bites you.
* * * LOW HITPOINT WARNING * * *
You are lethally poisoned!
The adder poisons you!
You hit the hobgoblin but do no damage.
* * * LOW HITPOINT WARNING * * *
You feel sick. The hobgoblin barely misses you. The adder misses you.
You barely miss the hobgoblin.
* * * LOW HITPOINT WARNING * * *
You feel sick. The adder bites you.
You die...

#####
.##################.....
......S@g..!.....<.†....
.##################.###.
.# .. ..# ... ###. .


You could see an adder and a hobgoblin.

Vanquished Creatures
  A dart slug (D:1)
  3 ball pythons (D:1)
  An endoplasm (D:1)
  A goblin (D:1)
  A hobgoblin (D:1)
  2 kobolds (D:1)
  A bat (D:1)
  2 frilled lizards (D:1)
  2 rats
14 creatures vanquished.

Vanquished Creatures (others)
  83 foxfires
83 creatures vanquished.

Grand Total: 97 creatures vanquished

Notes
Turn   | Place    | Note
-------+----------+-------------------------------------------
     0 | D:1      | Arctor the Deep Elf Fire Elementalist began the quest for
                  | the Orb.
     0 | D:1      | Reached XP level 1. HP: 10/10 MP: 6/6
   195 | D:1      | Found a faded altar of an unknown god.
   270 | D:1      | Reached XP level 2. HP: 4/15 MP: 5/8
  1047 | D:2      | Slain by an adder

Illustrated notes

Levels and vault maps discovered:
D:1:      psy_arrival_heroes, layout_rooms, basic_ecumenical_altar,
          serial_corexii_hall, corexii_hall_statues_i, corexii_hall_statues_l,
          minmay_tetromino_t2
D:2:      minmay_door_path, layout_loops_ring, basic_altar, minmay_cut_off

Action                     || total
---------------------------++-------
  Melee: Unarmed           ||     9
   Cast: Foxfire           ||    51
 Armour: Robe              ||    16
  Dodge: Dodged            ||    24
